 Dungeon Crawl Stone Soup version 0.18-a0-1577-gf591c28 (webtiles) character file.

8019 Tomstefer the Martial Artist (level 11, -5/60 HPs)
             Began as a Vine Stalker Monk on Mar 20, 2016.
             Was a High Priest of Cheibriados.
             Killed by divine providence
             ... invoked by an orc priest
              (13 damage)
             ... on level 10 of the Dungeon.
             The game lasted 00:22:08 (9165 turns).

Tomstefer the Martial Artist (Vine Stalker Monk)    Turns: 9165, Time: 00:22:09

Health: -5/60      AC: 21    Str: 27    XL:     11   Next: 24%
Magic:  0/12       EV: 11    Int: 21    God:    Cheibriados [*****.]
Gold:   835        SH:  8    Dex: 29    Spells: 0 memorised, 10 levels left

rFire  . . .     SeeInvis +       - Unarmed
rCold  . . .     Gourm    .     l - +5 chain mail of Qazlal's Favour {rN+}
rNeg   + . .     Faith    .     r - +0 buckler
rPois  .         Spirit   +     m - +0 helmet
rElec  .         Dismiss  .     x - +2 cloak
rCorr  .         Reflect  .     d - +0 pair of gloves
SustAt .         Harm     .     (no boots)
MR     +....                    (no amulet)
Stlth  ..........               (no ring)
                                t - ring of see invisible

@: lethally poisoned (-5 -> -5), very slow, somewhat resistant to hostile
enchantments, extremely unstealthy
A: fangs 3, regeneration 2, magic shield, antimagic bite, no device heal 3, rot
immunity
a: Bend Time, Temporal Distortion, Slouch, Step From Time, Renounce Religion


You were on level 10 of the Dungeon.
You worshipped Cheibriados.
Cheibriados was extremely pleased with you.
You were not hungry.

You visited 2 branches of the dungeon, and saw 11 of its levels.

You collected 835 gold pieces.

Inventory:

Armour
 d - a +0 pair of gloves (worn)
 l - the +5 chain mail of Qazlal's Favour (worn) {rN+}
   (You found it on level 4 of the Dungeon)

   It protects you from negative energy.
 m - a +0 helmet (worn)
 r - a +0 buckler (worn)
 x - a +2 cloak (worn)
 z - an ice dragon hide
Jewellery
 t - a ring of see invisible (left hand)
 G - a +3 ring of intelligence {unknown}
Wands
 n - a wand of slowing (18/48)
 y - a wand of confusion (25/48)
 C - a wand of iceblast (7/15)
Scrolls
 a - a scroll of recharging
 g - 4 scrolls of remove curse
 h - a scroll of enchant armour
 o - a scroll of fog
 I - a scroll of amnesia
 J - 2 scrolls of identify
Potions
 e - 11 potions of curing
 i - 3 potions of flight
 j - a potion of agility
 k - 2 potions of brilliance
 q - 3 potions of cancellation
 s - 2 potions of might
 v - a potion of resistance
 B - a potion of haste {unknown}
 D - a potion of lignification {unknown}
Books
 c - a book of Power

   Spells                             Type                      Level
   a - Fulminant Prism                Conjuration/Hexes            4
   b - Iskenderun's Mystic Blast      Conjuration                  4
   c - Venom Bolt                     Conjuration/Poison           5
   d - Bolt of Magma                  Conjuration/Fire/Earth       5
   e - Iron Shot                      Conjuration/Earth            6
   f - Orb of Destruction             Conjuration                  7
   g - Spellforged Servitor           Conjuration/Summoning        7
 A - a book of Alchemy

   Spells                             Type                      Level
   a - Sublimation of Blood           Necromancy                   2
   b - Ignite Poison                  Fire/Transmutation/Poison    3
   c - Petrify                        Transmutation/Earth          4
   d - Alistair's Intoxication        Transmutation/Poison         5
   e - Irradiate                      Conjuration/Transmutation    5
 E - a Young Poisoner's Handbook

   Spells                             Type                      Level
   a - Sting                          Conjuration/Poison           1
   b - Cure Poison                    Poison                       2
   c - Mephitic Cloud                 Conjuration/Poison/Air       3
   d - Olgreb's Toxic Radiance        Poison                       4
   e - Venom Bolt                     Conjuration/Poison           5
Comestibles
 b - 9 bread rations
 f - 4 fruits
 p - 4 beef jerkies
 u - 4 meat rations
 w - 2 royal jellies
 F - 8 slices of pizza
 K - 3 chunks of flesh


   Skills:
 + Level 7.8 Fighting
 + Level 6.0 Armour
 - Level 3.0 Dodging
 - Level 2.4 Stealth
 + Level 6.7 Shields
 * Level 11.3 Unarmed Combat


You had 10 spell levels left.
You didn't know any spells.

Dungeon Overview and Level Annotations

Branches:
Dungeon (10/15)            Temple (1/1) D:6
   Lair: D:8-11         Orc: D:9-12

Altars:
Ashenzari
Cheibriados
Dithmenos
Elyvilon
Fedhas
Gozag
Kikubaaqudgha
Makhleb
Nemelex Xobeh
Pakellas
Ru
Sif Muna
Trog
Xom
Zin

Annotations:
D:2 exclusion: downstairs
D:3 Tomstefer's ghost, amateur VSMo


Innate Abilities, Weirdness & Mutations

You have razor-sharp teeth.
You heal very quickly.
When hurt, damage is shared between your health and your magic reserves.
Your bite disrupts and absorbs the magic of your enemies.
Potions and wands cannot restore your health.
You are immune to rotting.


Message History

The orc warrior shouts!
The killer bee stings you but does no damage.
You block the killer bee's attack. The orc hits you but does no damage.
The orc warrior moves out of view.
An orc comes into view. It is wielding a whip.
You are too injured to fight recklessly!
Unknown command.
You are too injured to fight recklessly!
The orc shouts!
The killer bee barely misses you.
The orc warrior hits you with a battleaxe!
* * * LOW HITPOINT WARNING * * *
You block the killer bee's attack.
The orc priest calls upon Beogh to heal the orc warrior.
The orc warrior's wounds heal themselves!
The killer bee stings you but does no damage.
The orc warrior misses you.
The orc priest mumbles some strange prayers to Beogh against you.
Beogh smites you!
You die...

........))).#
............#
............#
............#
...##+#'##..#
..#.....#..#
#.....#..# .
+.....#..#
...#..o@§# .#
......oyo#
......o§§#
....oo...#
....oo...#
...o.....#
.o.......#
o.##.....# o.
#...###


You could see 2 orc warriors, a killer bee, 2 orc priests, 2 orc wizards and 4
orcs.

Vanquished Creatures
  Erica (D:8)
  The ghost of Azzok the Transmogrifier, a novice OpTm (D:8)
  The ghost of dvd the Reanimator, a novice DDNe (D:7)
  The ghost of Tomstefer the Grappler, a novice VSMo (D:5)
  A centaur skeleton (D:8)
  2 slime creatures (D:9)
  A wraith (D:8)
  A yak (D:9)
  A human (D:9)
  2 hippogriffs (D:9)
  3 hungry ghosts
  A mottled dragon (D:9)
  2 water moccasins
  A black bear (D:8)
  An orc warrior (D:9)
  2 phantoms
  A wasp (D:9)
  2 ice beasts (D:9)
  A sky beast (D:6)
  An eye of draining (D:9)
  4 ogres
  A centaur (D:8)
  4 big kobolds
  5 giant frogs
  Blork the orc (D:5)
  A gnoll sergeant (D:5)
  8 scorpions
  4 killer bees (D:10)
  5 howler monkeys
  An electric eel (D:7)
  3 crimson imps
  A quasit (D:9)
  6 hounds
  4 jellies
  An orc priest (D:10)
  6 orc wizards
  A giant frog zombie (D:5)
  2 iguanas
  9 worker ants
  2 hound skeletons
  5 gnolls (D:5)
  16 adders
  An adder zombie (D:6)
  5 oozes
  An adder skeleton (D:7)
  A worm (D:2)
  3 dart slugs
  7 giant geckos
  16 orcs
  13 bats
  12 giant cockroaches
  6 goblins
  8 hobgoblins
  19 jackals
  8 quokkas
  A giant gecko skeleton (D:7)
  A giant gecko zombie (D:8)
  3 giant newts
  56 kobolds
  A quokka skeleton (D:5)
  7 rats
286 creatures vanquished.

Notes
Turn   | Place    | Note
--------------------------------------------------------------
     0 | D:1      | Tomstefer the Vine Stalker Monk began the quest for the Orb.
     0 | D:1      | Reached XP level 1. HP: 11/11 MP: 2/2
   126 | D:1      | Reached XP level 2. HP: 8/16 MP: 1/3
   398 | D:1      | Reached XP level 3. HP: 19/19 MP: 2/4
   712 | D:2      | Found a deep blue altar of Sif Muna.
   765 | D:2      | Reached XP level 4. HP: 18/24 MP: 5/5
  1250 | D:2      | Reached skill level 5 in Unarmed Combat
  1546 | D:3      | Noticed Tomstefer's ghost (amateur VSMo)
  2397 | D:3      | Reached XP level 5. HP: 28/28 MP: 6/6
  2699 | D:3      | Found a faded altar to an unknown god.
  2896 | D:4      | Found a blossoming altar of Fedhas.
  3085 | D:4      | Got a jacinth-studded chain mail
  3096 | D:4      | Identified the +5 chain mail of Qazlal's Favour {rN+} (You found it on level 4 of the Dungeon)
  3159 | D:4      | Reached skill level 1 in Shields
  3235 | D:4      | Found a burning altar of Makhleb.
  3443 | D:4      | Gained mutation: You heal very quickly. [Vine Stalker growth]
  3443 | D:4      | Reached XP level 6. HP: 21/33 MP: 7/7
  3799 | D:4      | Reached skill level 1 in Armour
  3813 | D:5      | Entered Level 5 of the Dungeon
  3883 | D:5      | Reached skill level 6 in Unarmed Combat
  3883 | D:5      | Reached XP level 7. HP: 30/37 MP: 6/8
  3927 | D:5      | Noticed Tomstefer's ghost (novice VSMo)
  4165 | D:5      | Killed Tomstefer's ghost
  4284 | D:5      | Noticed Blork the orc
  4316 | D:5      | Killed Blork the orc
  4316 | D:5      | Gained mutation: You have razor-sharp teeth. [Vine Stalker growth]
  4316 | D:5      | Reached XP level 8. HP: 38/42 MP: 9/9
  4353 | D:5      | Reached skill level 7 in Unarmed Combat
  4602 | D:5      | Reached skill level 5 in Fighting
  5145 | D:5      | Reached skill level 8 in Unarmed Combat
  5175 | D:5      | Found a shadowy altar of Dithmenos.
  5223 | D:5      | Reached XP level 9. HP: 47/47 MP: 10/10
  6052 | D:6      | Found a staircase to the Ecumenical Temple.
  6069 | Temple   | Entered the Ecumenical Temple
  6077 | Temple   | Became a worshipper of Cheibriados the Contemplative
  6077 | Temple   | Reached * piety under Cheibriados
  6077 | Temple   | Reached ** piety under Cheibriados
  6316 | D:6      | Found an oddly glowing altar of Pakellas.
  6321 | D:6      | Found a bloodstained altar of Trog.
  6321 | D:6      | Found a sparkling altar of Nemelex Xobeh.
  6328 | D:6      | Found a shimmering altar of Xom.
  6330 | D:6      | Found a glowing silver altar of Zin.
  6412 | D:7      | Noticed dvd's ghost (novice DDNe)
  6427 | D:7      | Killed dvd's ghost
  6427 | D:7      | Reached skill level 9 in Unarmed Combat
  6525 | D:7      | Found a shattered altar of Ashenzari.
  6540 | D:7      | Reached skill level 5 in Shields
  6810 | D:7      | Reached XP level 10. HP: 49/53 MP: 11/11
  7222 | D:8      | Reached *** piety under Cheibriados
  7266 | D:8      | Reached skill level 10 in Unarmed Combat
  7300 | D:8      | Noticed Azzok's ghost (novice OpTm)
  7330 | D:8      | Killed Azzok's ghost
  7330 | D:8      | Reached skill level 5 in Armour
  7480 | D:8      | Noticed Erica
  7490 | D:8      | Killed Erica
  8212 | D:9      | Reached skill level 11 in Unarmed Combat
  8212 | D:9      | Reached XP level 11. HP: 58/58 MP: 12/12
  8268 | D:9      | Reached **** piety under Cheibriados
  8446 | D:9      | Found a shattered altar of Ashenzari.
  9064 | D:10     | Entered Level 10 of the Dungeon
  9122 | D:10     | Reached ***** piety under Cheibriados
  9165 | D:10     | Killed from afar by an orc priest

Vault maps used:
D:1:      grunt_arrival_lava_bath
D:2:      overflow_temple_1_default, kennysheep_crisscross
D:3:      ecumenical_altar_1
D:4:      kennysheep_little_box, minmay_misc_feat_pillars, fedhas_altar_3
D:5:      minmay_goblin_kobold_castle, first_bread, basic_altar,
          dk_rats_in_the_wall, uniq_blork_the_orc
D:6:      minmay_overflow_temple_star_hex, minmay_temple_entry_crystal_x
D:7:      statuecave_lemuel, kennysheep_mini
D:8:      kennysheep_big_flooded_room, enter_ossuary_5, uniq_erica
D:9:      hangedman_cross_cluster, grunt_pizzeria, cheibrodos_ashenzari_chains
D:10:     erik_orc_4, enter_bailey_2
Temple:   triangle_lava_temple_12

Skill      XL: |  1  2  3  4  5  6  7  8  9 10 11 |
---------------+----------------------------------+-----
Fighting       | 3 4 5 6 7 |  7.8
Dodging        | 3 |  3.0
Unarmed Combat | 5 6 8 9 11 | 11.3
Shields        | 1 2 4 5 6 |  6.7
Armour         | 1 2 3 4 5 6 |  6.0
Stealth        | |  2.4

Action                   |  1- 3 |  4- 6 |  7- 9 | 10-12 || total
-------------------------+-------+-------+-------+-------++-------
Melee: Unarmed           |   112 |   249 |   461 |   236 ||  1058
  Use: Scroll            |       |    13 |     3 |     7 ||    23
 Stab: Sleeping          |     2 |     4 |       |       ||     6
  Eat: Chunk             |       |    10 |    10 |     5 ||    25
       Fruit             |       |       |       |     2 ||     2
